Map: Oxide LE

Players

Trizztein

  • Race: Zerg Zerg
  • League: Diamond
  • Spawn Location: 1:00

Angus - Winner!

  • Race: Terran Terran
  • League: Diamond
  • Spawn Location: 7:00

VOD

Have the link to the VOD?

Description

Time

  • Played on: March 2, 2021, 8:25 p.m.
  • Length: 14:25
Show
View Real Time Build Order
Export as new Build Order

Trizztein Zerg 

Build Orders: Hatch First 

Get SALT Encoding   

  12  0:00  Drone  
  13  0:12  Overlord  
  13  0:16  Drone  
  14  0:31  Drone x2  
  16  0:49  Hatchery  
  15  0:51  Drone  
  15  0:54  Drone  
  17  0:58  Drone  
  18  1:10  Extractor  
  17  1:14  Spawning Pool  
  17  1:16  Drone  
  17  1:19  Drone  
  18  1:28  Drone  
  19  1:39  Drone  
  20  1:49  Overlord  
  20  2:01  Queen x2  
  20  2:02  Zergling x4  
  26  2:19  Drone x2  
  26  2:20  Metabolic Boost  
  28  2:31  Hatchery  
  28  2:36  Spore Crawler  
  26  2:49  Pneumatized Carapace  
  26  2:55  Queen  
  26  2:57  Drone x2  
  30  3:03  Overlord  
  30  3:20  Overlord  
  30  3:23  Drone x5  
  35  3:30  Queen  
  37  3:34  Drone x2  
  37  3:36  Drone  
  40  3:54  Drone  
  40  3:55  Queen  
  41  3:56  Overlord  
  41  3:59  Drone x5  
  41  4:02  Zergling x4  
  50  4:04  Zergling x2  
  50  4:07  Drone  
  52  4:11  Queen  
  52  4:14  Overlord  
  54  4:18  Overlord  
  54  4:22  Drone x2  
  56  4:25  Extractor  
  56  4:27  Baneling Nest  
  56  4:29  Overlord  
  56  4:31  Drone  
  55  4:43  Spore Crawler  
  55  4:44  Queen  
  56  4:46  Queen  
  58  5:01  Zergling x4  
  58  5:02  Drone x5  
  58  5:03  Drone x3  
  58  5:05  Drone  
  69  5:19  Drone x5  
  69  5:20  Drone  
  69  5:21  Lair  
  75  5:23  Extractor  
  74  5:29  Overlord  
  74  5:30  Drone x3  
  77  5:44  Drone x2  
  77  5:45  Evolution Chamber, Drone x4  
  77  5:46  Evolution Chamber  
  77  5:49  Drone x2  
  83  5:51  Extractor x2  
  83  5:52  Drone x2  
  83  5:54  Spore Crawler  
  64  6:12  Drone  
  64  6:13  Drone x2  
  67  6:19  Zerg Ground Armor Level 1, Zerg Melee Weapons Level 1  
  67  6:20  Centrifical Hooks  
  67  6:23  Drone x8  
  75  6:26  Drone  
  76  6:33  Spore Crawler  
  76  6:38  Drone x5  
  80  7:08  Spore Crawler  
  80  7:09  Hatchery  
  80  7:12  Drone x6  
  80  7:13  Drone x3  
  80  7:15  Drone x3  
  90  7:21  Overlord x3  
  89  7:41  Drone x2  
  89  7:42  Drone  
  92  7:44  Overseer  
  92  7:48  Zergling x24  
  103  7:57  Hatchery  
  102  8:03  Zergling x8  
  106  8:06  Baneling x10  
  106  8:07  Baneling x2  
  106  8:12  Extractor  
  105  8:13  Extractor  
  105  8:14  Spore Crawler  
  103  8:23  Spore Crawler  
  103  8:26  Drone x8  
  110  8:30  Spine Crawler  
  90  8:42  Zergling x28  
  102  8:59  Zergling x6  
  105  9:03  Overlord x2  
  105  9:05  Hatchery  
  104  9:16  Hatchery  
  102  9:19  Zergling x4  
  102  9:20  Zergling x10  
  106  9:29  Zergling x6  
  105  9:38  Zergling x6  
  97  9:40  Zergling x2  
  97  9:42  Zergling x4  
  98  9:47  Zergling x2  
  98  9:52  Baneling  
  99  10:07  Zergling x14  
  99  10:09  Baneling x14  
  106  10:18  Overlord x7  
  106  10:23  Zergling x6  
  106  10:24  Zergling x4  
  111  10:30  Zergling x6  
  111  10:31  Zerg Ground Armor Level 2, Zerg Melee Weapons Level 2  
  114  10:41  Spine Crawler  
  113  10:43  Spine Crawler  
  113  10:48  Baneling x13  
  113  10:49  Zergling x22  
  126  10:50  Zergling x6  
  118  11:05  Zergling x8  
  118  11:08  Drone x3  
  125  11:18  Zergling x12  
  131  11:21  Zergling x2  
  132  11:28  Infestation Pit  
  126  11:46  Zergling x22  
  122  12:00  Zergling x22  
  123  12:19  Spire  
  119  12:31  Hatchery  
  119  12:34  Hatchery  
  119  12:36  Zergling x40  
  133  12:43  Baneling x19  
  133  12:44  Baneling x11  
  119  12:45  Baneling  
  119  12:46  Baneling x11  
  119  12:47  Baneling x3  
  109  12:58  Baneling x10  
  109  12:59  Baneling x3  
  98  13:08  Zergling x22  
  98  13:09  Zergling x4  
  107  13:18  Zergling x18  
  77  13:48  Baneling x8  
  63  13:49  Baneling x8  
  63  13:50  Zergling x8  
  63  13:51  Zergling x24  
  79  13:59  Drone  
  79  14:02  Drone x3  
Show
View Real Time Build Order
Export as new Build Order

Angus Terran - Winner!

Build Orders: Liberator Opening, Reaper Expand 

Get SALT Encoding   

  12  0:01  SCV  
  13  0:13  SCV  
  14  0:17  Supply Depot  
  14  0:25  SCV  
  15  0:39  SCV  
  15  0:41  Barracks  
  16  0:44  Refinery  
  16  0:51  SCV  
  17  1:05  SCV  
  18  1:21  SCV  
  19  1:28  Reaper  
  20  1:33  Orbital Command  
  20  1:40  Command Center  
  20  1:50  Supply Depot  
  20  2:00  SCV  
  21  2:01  Barracks Reactor  
  21  2:12  SCV  
  22  2:17  Refinery  
  22  2:23  Factory  
  22  2:24  SCV  
  23  2:36  SCV  
  24  2:42  Marine x2  
  26  2:48  SCV  
  27  2:54  Orbital Command  
  27  3:01  SCV  
  28  3:11  Starport  
  28  3:21  SCV  
  28  3:23  Hellion x2  
  33  3:28  SCV  
  33  3:31  Supply Depot  
  33  3:32  Barracks Tech Lab  
  33  3:33  SCV  
  35  3:40  SCV  
  36  3:44  Hellion  
  36  3:45  Hellion  
  36  3:46  SCV  
  41  3:51  Liberator  
  41  3:53  SCV  
  41  3:55  Supply Depot  
  45  3:58  SCV  
  45  4:05  SCV  
  45  4:07  Hellion x2  
  50  4:11  SCV  
  50  4:16  Command Center  
  52  4:17  SCV  
  52  4:21  Supply Depot  
  52  4:34  Marine, Stimpack  
  52  4:36  Barracks  
  53  4:43  SCV x2  
  55  4:46  Refinery  
  55  4:47  Viking  
  55  4:48  Barracks  
  55  4:51  Factory Tech Lab  
  57  4:59  Marine  
  58  5:02  SCV x2  
  60  5:16  Marine  
  60  5:18  Siege Tank  
  64  5:24  Marine x2  
  64  5:25  SCV x2  
  64  5:28  Engineering Bay  
  68  5:30  Engineering Bay  
  68  5:34  Marine  
  69  5:41  Marine  
  69  5:42  Marine  
  72  5:44  Barracks Reactor  
  72  5:47  Orbital Command  
  72  5:48  Supply Depot  
  71  5:52  Marine  
  72  5:59  Marine  
  72  6:03  Marine  
  72  6:10  Marine  
  73  6:13  Siege Tank  
  73  6:14  Starport Reactor  
  73  6:15  SCV x2  
  73  6:17  Marine, Terran Infantry Armor Level 1, Terran Infantry Weapons Level 1  
  79  6:19  Supply Depot  
  79  6:21  Marine, Orbital Command  
  79  6:22  Supply Depot  
  80  6:26  Marine  
  80  6:27  Marine  
  80  6:28  Marine  
  80  6:29  SCV x2  
  85  6:35  Marine  
  85  6:38  Marine  
  87  6:41  Combat Shield, SCV x2  
  87  6:44  Marine x2  
  87  6:45  Marine  
  92  6:53  Marine, Siege Tank, Medivac x2  
  100  6:56  Marine  
  100  6:59  SCV x2  
  103  7:02  Marine x2  
  103  7:03  Marine  
  106  7:10  Marine  
  106  7:11  SCV x2  
  109  7:28  Barracks  
  109  7:30  Barracks  
  109  7:38  Supply Depot x2  
  109  7:39  Supply Depot  
  109  7:40  Marine x4, Medivac  
  109  7:41  SCV x2  
  117  7:57  Command Center  
  117  7:59  Marine x4, Medivac, SCV x2  
  117  8:00  SCV, Supply Depot  
  117  8:01  Supply Depot  
  126  8:06  Marine  
  126  8:10  Armory  
  126  8:11  SCV x2  
  126  8:12  SCV  
  130  8:17  Marine x3  
  133  8:23  SCV x2  
  133  8:24  SCV  
  133  8:35  SCV x2  
  134  8:44  Marine x2  
  134  8:46  Marine  
  134  8:47  Marine, Marauder  
  142  8:50  Barracks Reactor  
  142  8:51  Barracks Reactor  
  140  8:58  Siege Tank, Medivac x2  
  140  9:02  Marine x2  
  148  9:04  Marine  
  148  9:05  Marine  
  148  9:07  Marine  
  152  9:13  Supply Depot x2  
  152  9:20  Marine x2  
  152  9:23  Marine  
  146  9:25  Marine  
  135  9:33  Marine  
  135  9:37  SCV x3  
  135  9:38  Marine  
  131  9:40  Planetary Fortress  
  131  9:47  Marine x6  
  131  9:49  Barracks, SCV x3  
  131  9:50  Marine  
  131  9:51  Siege Tank, Barracks x2  
  144  9:56  Marine  
  145  10:01  SCV x3  
  145  10:04  Marine  
  145  10:05  Marine x5  
  154  10:08  Marine  
  154  10:13  SCV x3  
  154  10:14  Marine  
  159  10:22  Marine x3  
  159  10:23  Marine x3  
  159  10:25  SCV x2  
  159  10:26  Marine  
  168  10:30  Terran Infantry Weapons Level 2, Terran Infantry Armor Level 2  
  168  10:31  Marine  
  169  10:40  Marine x3  
  172  11:00  Marine  
  172  11:01  Marine  
  172  11:09  Barracks Tech Lab x2  
  172  11:10  Marine  
  172  11:11  Barracks Tech Lab  
  172  11:18  Marine  
  172  11:19  Marine x4  
  172  11:20  Marine  
  172  11:21  Marine, Siege Tank  
  167  11:28  Marine x2  
  167  11:29  Marine x2  
  171  11:36  Marine  
  171  11:37  Marine x2  
  171  11:38  Marine  
  173  11:40  Orbital Command  
  151  11:48  Marine x7  
  151  11:53  Orbital Command  
  151  11:54  Marine x2  
  159  11:55  Marine x2  
  159  12:01  SCV x3  
  159  12:05  Marine  
  159  12:06  Marauder x3  
  168  12:13  Marauder  
  161  12:40  Marine x11  
  160  12:58  Marine x3  
  161  12:59  Marauder x3  
  161  13:05  Marine x5  
  144  13:16  Marine x3  
  136  13:20  Marine x3  
  136  13:23  Marine  
  136  13:24  Marine x3, Marauder  
  136  13:26  SCV x4  
  147  13:33  Marine  
  147  13:34  Marine x2  
  148  13:37  Marine x2  
  148  13:38  SCV x3, Marauder  
  148  13:40  Marine  
  150  13:41  Marine  
  150  13:42  Marine  
  150  13:45  Marauder  
  130  13:51  Marine x2  
  130  13:55  Marine  
  132  13:56  Marauder x2  
  132  13:58  Marine  
  132  13:59  Marine x2, Barracks Reactor  
  132  14:00  Marine  
  139  14:06  Marine  
Tags
 
Add a new tag
Caveats
  • Supply blocks, unpowered buildings, or Contaminate may cause inaccurate times.
  • Supply counts are checked every 10 seconds.